 Dungeon Crawl Stone Soup version 0.32-a0-128-g77eb882913 (webtiles) character file.

Game seed: 15098660729871476620

33 Ceno the Vexing (level 3, 0/27 HPs)
             Began as a Barachi Hexslinger on Feb 8, 2024.
             Slain by a ribbon worm (7 damage)
             ... on level 2 of the Dungeon.
             The game lasted 00:04:40 (1367 turns).

Ceno the Vexing (Barachi Hexslinger)                Turns: 1367, Time: 00:04:40

Health: 0/27       AC:  3    Str:  9    XL:     3   Next: 29%
Magic:  2/4        EV: 11    Int: 15    God:
Gold:   17         SH:  5    Dex: 14    Spells: 2/4 levels left

rFire   . . .        a - +1 sling
rCold   . . .        (no shield)
rNeg    . . .        i - +0 leather armour
rPois   .            (no helmet)
rElec   .            (no cloak)
rCorr   .            (no gloves)
SInv    .            (no boots)
Will    .....        l - amulet of reflection
Stlth   +            (no ring)
HPRegen 0.24/turn    (no ring)
MPRegen 0.09/turn

%: reflection
@: weak-willed, unable to hop, jinxed, slow
A: amphibious, slowness 1, strong legs 1, +LOS
a: Hop


You were on level 2 of the Dungeon.
You visited 1 branch of the dungeon, and saw 2 of its levels.

You collected 17 gold pieces.

Inventory:

Hand Weapons
 a - a +1 sling (weapon)
Armour
 c - a +0 robe
 f - a +0 ring mail
 i - a +0 leather armour (worn)
Jewellery
 l - an amulet of reflection (around neck)
Scrolls
 b - a scroll of poison
 g - a scroll of noise {unknown}
 j - 2 scrolls of identify {unknown}
Potions
 d - 3 potions of curing {unknown}
 e - a potion of ambrosia {unknown}
 h - 2 potions of mutation {unknown}
 k - a potion of haste {unknown}


   Skills:
 + Level 2.1 Fighting
 + Level 2.4 Ranged Weapons
 - Level 2.1 Dodging
 + Level 1.2 Stealth
 - Level 1.1 Spellcasting
 + Level 3.6 Hexes
 - Level 1.1 Fire Magic


You had 2 spell levels left.
You knew the following spells:

 Your Spells              Type           Power      Damage    Failure   Level
a - Jinxbite              Hex            22%        N/A       12%         2

Your spell library contained the following spells:

 Spells                   Type           Power      Damage    Failure   Level
 Ensorcelled Hibernation  Hex/Ice        12%        N/A       24%         2
 Summon Small Mammal      Summ           0%         N/A       34%         1
 Sigil of Binding         Hex            11%        N/A       22%         3
 Inner Flame              Hex/Fire       8%         N/A       36%         3
 Cause Fear               Hex            5%         N/A       58%         4
 Call Canine Familiar     Summ           0%         N/A       71%         3
 Passwall                 Erth           0%         N/A       71%         3
 Swiftness                Air            0%         N/A       71%         3
 Dimensional Bullseye     Hex/Tloc       3%         N/A       85%         4
 Summon Blazeheart Golem  Fire/Summ      2%         N/A       95%         4


Dungeon Overview and Level Annotations

Branches:
Dungeon (2/15)

Altars:

Shops:
D:1 *

Annotations:
D:2 Terence


Innate Abilities, Weirdness & Mutations

You are amphibious.
You cover ground slowly.
You can hop short distances.
You have an extended range of vision and can be seen from far away.


Message History

The ribbon worm bites you.
Fire: a) +1 sling
Press: ? - help, Q - select action, (/) - cycle Shift-Dir - straight line, f/p - ribbon worm
Aim: a ribbon worm (moderately wounded, 78% to hit)
You shoot a sling bullet.
The sling bullet hits the ribbon worm but does no damage.
The ribbon worm is moderately wounded.
The ribbon worm expels a string of sticky webbing.
The stream of webbing hits you but does no damage.
You are caught in a web!
You cannot shoot with your sling while caught in a web.
The web tears apart.
You block the ribbon worm's attack.
Fire: a) +1 sling
Press: ? - help, Q - select action, (/) - cycle Shift-Dir - straight line, f/p - ribbon worm
Aim: a ribbon worm (moderately wounded, catching its breath, 78% to hit)
You shoot a sling bullet. The sling bullet hits the ribbon worm.
The ribbon worm is moderately wounded.
The ribbon worm bites you.
You shoot a sling bullet. The sling bullet hits the ribbon worm.
The ribbon worm is heavily wounded.
The ribbon worm expels a string of sticky webbing.
The stream of webbing hits you but does no damage.
You are caught in a web!
You are caught in a web!
The web tears apart.
The ribbon worm bites you.
You are too injured to fight recklessly!
You are too injured to fight recklessly!
Fire: a) +1 sling
Press: ? - help, Q - select action, (/) - cycle Shift-Dir - straight line, f/p - ribbon worm
Aim: a ribbon worm (moderately wounded, catching its breath, 78% to hit)
You shoot a sling bullet.
The sling bullet hits the ribbon worm but does no damage.
The ribbon worm is moderately wounded.
The ribbon worm bites you!
* * * LOW HITPOINT WARNING * * *
Casting: Jinxbite (safe; 12% risk of failure)
Confirm with . or Enter, or press ? or * to list all spells.
You beckon some vexing sprites to accompany your attacks.
You feel your willpower being sapped. The ribbon worm bites you!
You die...

#####.### #.#.#.##########.
#.......###.#.#.# #.
#.........#.....# #.
#..##.#.#.###.### ##+ #..##.#.#.#
#.# ##.. #..##...#.# #.#### ##...
#..###..#.# #....## ##....
.?.####.......#.#####.>.####.....
$.)'...........w@..........+>....
...####...##.########...####.....
##.#...# #..## ##.... ###.###
#.## ##... #.# #.# ##.. #.# #.#
##' #.# #.######## #. #.#
#.##.....###. ####### #.#
#.........##.


You could see a ribbon worm (catching breath).

Vanquished Creatures
  2 ribbon worms (D:2)
  5 ball pythons (D:1)
  4 bats
  2 endoplasms (D:1)
  A giant cockroach (D:2)
  A goblin (D:2)
  4 hobgoblins
  2 quokkas
  2 frilled lizards
  3 kobolds (D:1)
  A rat (D:1)
27 creatures vanquished.

Notes
Turn   | Place    | Note
-------+----------+-------------------------------------------
     0 | D:1      | Ceno the Barachi Hexslinger began the quest for the Orb.
     0 | D:1      | Reached XP level 1. HP: 15/15 MP: 2/2
   120 | D:1      | Reached XP level 2. HP: 21/21 MP: 3/3
   289 | D:1      | Learned a level 2 spell: Jinxbite
   392 | D:1      | Found Apiysaq's General Store.
   559 | D:1      | Found a faded altar of an unknown god.
   752 | D:2      | Reached skill level 1 in Stealth
   752 | D:2      | Reached XP level 3. HP: 21/27 MP: 4/4
   918 | D:2      | Noticed Terence
  1367 | D:2      | Slain by a ribbon worm

Illustrated notes

Levels and vault maps discovered:
D:1:      minmay_arrival_up_and_down, layout_basic,
          chequers_ecumenical_altar_grove, serial_shops, nicolae_shop_trees,
          kennysheep_boxes
D:2:      layout_loops_corners, uniq_terence

Skill      XL: |  1  2 |
---------------+-------+-----
Fighting       | 2 |  2.1
Stealth        | 1 |  1.2
Ranged Weapons | |  2.4
Dodging        | |  2.1
Spellcasting   | |  1.1
Hexes          | |  3.6
Fire Magic     | |  1.1

Action                     || total
---------------------------++-------
   Fire: Sling             ||   108
   Cast: Jinxbite          ||     1
Ability: Hop               ||     6
 Armour: Ring mail         ||     6
         Robe              ||     4
         Leather armour    ||    14
  Dodge: Dodged            ||    26
  Block: Other             ||     5

Table legend: (Time is in decaauts)
 A = Elapsed time spent in this place.
 B = Non-inter-level travel time spent in this place.
 C = Inter-level travel time spent in this place.
 D = Time resting spent in this place.
 E = Time spent auto-exploring this place.
 F = Levels seen in this place.
 G = Mean time per level.
                   A        B        C        D        E       F      G
               +--------+--------+--------+--------+--------+-----+--------+
         Total |   1623 |   1528 |     95 |     23 |   1174 |   2 |  811.5 |
       Dungeon |   1623 |   1528 |     95 |     23 |   1174 |   2 |  811.5 |
               +--------+--------+--------+--------+--------+-----+--------+

Top non-repeatable levels by time:
     D:1: 854 daAuts
     D:2: 768 daAuts
